Map: Metalopolis

Players

Xipa

  • Race: Terran Terran
  • League: Diamond
  • Spawn Location: 9:00

Yamapickle - Winner!

  • Race: Zerg Zerg
  • League: Diamond
  • Spawn Location: 3:00

VOD

Have the link to the VOD?

Description

Time

  • Played on: Dec. 12, 2017, 11:49 a.m.
  • Length: 8:55
Show
View Real Time Build Order
Export as new Build Order

Xipa Terran 

Build Orders: 1/1/1 

Get SALT Encoding   

  12  0:01  SCV  
  13  0:13  SCV  
  14  0:18  Supply Depot  
  14  0:25  SCV  
  15  0:30  Refinery  
  15  0:39  SCV  
  16  0:45  Barracks  
  16  0:54  SCV  
  17  1:06  SCV  
  18  1:16  Refinery  
  19  1:18  SCV  
  19  1:31  Marine  
  20  1:36  Factory, Orbital Command  
  20  1:47  Supply Depot  
  20  1:51  Marine  
  21  2:02  SCV  
  22  2:13  Barracks Reactor  
  22  2:20  SCV  
  22  2:21  Factory Tech Lab  
  22  2:22  Starport  
  23  2:36  SCV  
  24  2:43  Siege Tank  
  27  2:50  Marine x2  
  29  2:52  SCV  
  29  2:53  Supply Depot  
  30  3:10  Marine  
  31  3:15  Viking, Marine  
  31  3:19  Siege Tank  
  37  3:22  Supply Depot  
  37  3:24  SCV  
  38  3:37  Marine  
  39  3:43  Marine  
  39  3:45  Supply Depot, Medivac  
  42  3:48  SCV  
  42  3:54  Siege Tank  
  46  3:57  Marine  
  47  4:19  Medivac  
  47  4:22  Marine x2  
  51  4:29  Command Center  
  51  4:48  Supply Depot  
  51  4:49  Marine x2  
  51  4:50  Medivac  
  55  5:10  SCV  
  56  5:15  Marine x2  
  56  5:17  Supply Depot  
  58  5:28  Bunker  
  58  5:30  Bunker  
  58  5:43  SCV  
  58  5:48  Marine x2  
  61  5:52  Starport  
  61  5:56  SCV  
  62  5:57  Fusion Core  
  55  6:16  Orbital Command, Bunker  
  55  6:18  Medivac  
  57  6:19  Siege Tank  
  59  6:43  Marine x2  
  61  6:51  Siege Tank  
  58  7:09  Starport Tech Lab x2  
  58  7:11  SCV  
  58  7:13  SCV, Fusion Core  
  50  7:23  SCV  
  50  7:25  SCV  
  50  7:29  Refinery x2  
  50  7:36  SCV  
  51  7:38  SCV  
  52  7:47  Marine x2  
  59  8:11  Starport Tech Lab  
  53  8:15  Marine x2  
  53  8:16  Fusion Core  
  49  8:36  SCV  
  49  8:37  SCV  
Show
View Real Time Build Order
Export as new Build Order

Yamapickle Zerg - Winner!

Build Orders: Hatch First, Swarm Host 

Get SALT Encoding   

  12  0:01  Drone  
  13  0:15  Overlord  
  13  0:18  Drone  
  14  0:34  Drone x2  
  16  0:39  Drone  
  17  0:54  Drone  
  18  1:00  Hatchery  
  18  1:03  Drone  
  18  1:05  Extractor  
  17  1:17  Spawning Pool  
  16  1:23  Drone x2  
  18  1:35  Drone  
  19  1:42  Overlord  
  19  2:04  Zergling x4  
  19  2:07  Queen  
  19  2:08  Metabolic Boost  
  23  2:11  Queen  
  23  2:15  Drone  
  26  2:20  Zergling x2  
  27  2:27  Drone x2  
  29  2:39  Drone x2  
  31  2:47  Queen  
  31  2:50  Drone  
  35  2:51  Drone  
  35  2:57  Extractor  
  34  2:59  Queen  
  34  3:05  Overlord  
  35  3:17  Overlord  
  35  3:28  Lair  
  35  3:31  Extractor x2  
  35  3:32  Drone, Hatchery  
  33  3:36  Drone  
  35  3:48  Drone x3  
  38  3:50  Drone x3  
  38  3:51  Drone  
  38  3:53  Drone x2  
  44  4:10  Drone  
  44  4:11  Drone  
  44  4:12  Overlord x3  
  44  4:16  Pneumatized Carapace  
  46  4:29  Infestation Pit  
  45  4:36  Queen  
  47  4:49  Queen  
  49  4:53  Overlord  
  49  4:55  Overlord x2  
  49  4:56  Overlord  
  49  5:08  Queen  
  49  5:12  Queen  
  53  5:17  Swarm Host x7  
  74  5:34  Swarm Host  
  78  5:42  Zergling x2  
  78  5:43  Zergling x18  
  89  5:57  Swarm Host  
  88  6:21  Drone x2  
  88  6:22  Extractor  
  88  6:23  Extractor  
  85  6:32  Zergling x2  
  83  6:33  Zergling x22  
  83  6:36  Hatchery  
  90  6:40  Swarm Host  
  90  6:43  Drone x3  
  96  6:58  Drone x2  
  96  6:59  Overlord x2  
  96  7:00  Overlord  
  98  7:17  Queen  
  98  7:20  Swarm Host  
  98  7:21  Swarm Host x2  
  98  7:22  Hatchery  
  103  7:24  Extractor  
  103  7:25  Extractor  
  101  7:31  Overseer  
  101  7:36  Drone x3, Spore Crawler  
  101  7:37  Drone x3, Spore Crawler  
  103  7:43  Zergling x8  
  109  7:53  Queen  
  111  8:07  Overseer, Swarm Host  
  111  8:11  Drone x3  
  111  8:12  Drone x2  
  118  8:13  Drone x2  
  118  8:14  Extractor  
  118  8:15  Drone x3  
  120  8:32  Zergling x12  
Tags
 
Composition
Swarm Host
Matchup
TvZ
Spawn Locations
Cross Positions
Add a new tag
Caveats
  • Supply blocks, unpowered buildings, or Contaminate may cause inaccurate times.
  • Supply counts are checked every 10 seconds.